 Dungeon Crawl Stone Soup version 0.31.0 (webtiles) character file.

Game seed: 7520395714904328334

69 qw the Shooter (level 4, -3/28 HPs)
             Began as a Gargoyle Hunter on Jan 19, 2024.
             Slain by an ice beast (8 damage)
             ... on level 3 of the Dungeon.
             The game lasted 00:00:06 (2282 turns).

qw the Shooter (Gargoyle Hunter)                    Turns: 2282, Time: 00:00:07

Health: -3/28      AC:  8    Str: 15    XL:     4   Next: 20%
Magic:  4/4        EV: 11    Int:  9    God:
Gold:   140        SH:  0    Dex: 15    Spells: 3/3 levels left

rFire   . . .        a - +0 shortbow
rCold   . . .        (shield currently unavailable)
rNeg    + . .        h - +0 ring mail
rPois   inf          (no helmet)
rElec   +            (no cloak)
rCorr   +            (no gloves)
SInv    .            (no boots)
Will    .....        (no amulet)
Stlth   +            e - ring of resist corrosion
HPRegen 0.24/turn    (no ring)
MPRegen 0.09/turn

%: no passive effects
@: no status effects
A: sickness immunity, AC +3, negative energy resistance 1, electricity
resistance, torment resistance 1, petrification resistance
a: no special abilities


You were on level 3 of the Dungeon.
You visited 1 branch of the dungeon, and saw 3 of its levels.

You collected 140 gold pieces.


Innate Abilities, Weirdness & Mutations

You are immune to sickness and miasma.
Your stone body is resilient. (AC +3)
You are immune to poison.
You resist negative energy. (rN+)
You are resistant to electric shocks. (rElec)
You are resistant to unholy torment.
You are immune to petrification.


   Skills:
 - Level 3.2 Fighting
 - Level 5.1 Ranged Weapons
 + Level 0.4 Armour
 - Level 1.5 Dodging
 - Level 1.1 Stealth


You had 3 spell levels left.
You didn't know any spells.
Your spell library was empty.

Inventory:

Hand Weapons
 a - a +0 shortbow (weapon)
Armour
 h - a +0 ring mail (worn)
Jewellery
 e - a ring of resist corrosion (left hand)
Scrolls
 b - 2 scrolls of enchant weapon {unknown}
 c - a scroll of enchant armour
 g - a scroll of identify
Potions
 d - a potion of enlightenment
 f - a potion of curing {unknown}
 i - a potion of ambrosia {unknown}
 l - a potion of heal wounds {unknown}

Dungeon Overview and Level Annotations

Branches:
Dungeon (3/15)

Altars:
Elyvilon

Shops:
D:1 =


Message History

You shoot an arrow. The arrow hits the bat!
You kill the bat!
You start resting.
HP restored.
Found a leather armour.
Found a maw talisman.
You see here a maw talisman.
You now have 140 gold pieces (gained 15).
You see here a maw talisman.
A rat and an ice beast come into view.
The rat squeaks loudly.
Enter note:
Enter note:
2272 ||| RETREEEEATING.
Enter note:
2273 ||| RETREEEEATING.
Enter note:
2274 ||| RETREEEEATING.
You shoot an arrow. The arrow hits the ice beast.
The ice beast is lightly wounded.
You shoot an arrow. The arrow hits the ice beast.
The ice beast is moderately wounded.
You shoot an arrow. The arrow closely misses the ice beast.
You shoot an arrow. The arrow barely misses the ice beast.
You shoot an arrow.
The arrow hits the ice beast but does no damage.
The ice beast is moderately wounded.
The ice beast hits you but does no damage.
You shoot an arrow. The arrow hits the ice beast!
The ice beast is heavily wounded.
The ice beast hits you but does no damage.
You shoot an arrow. The arrow hits the ice beast.
The ice beast is severely wounded.
The ice beast hits you. The ice beast freezes you! The ice beast hits you.
The ice beast freezes you.
You shoot an arrow.
The arrow hits the ice beast but does no damage.
The ice beast is severely wounded.
The ice beast hits you. The ice beast freezes you!
You die...

## #### ###.###..##
.......... ###......#
........^# ##########
.........#####..|.....#
........rY@.....#######
.........#####.######.
#....##..##..........[
+.... #..##.##.#######
#... #..##.##.#########
... ..................
### ##..##.##..........
.##.........########
.....##.##..###


You could see an ice beast and a rat.

Vanquished Creatures
  3 adders (D:2)
  An orc (D:3)
  4 ball pythons
  4 endoplasms
  2 giant cockroaches (D:1)
  7 goblins
  2 hobgoblins (D:1)
  2 jackals (D:2)
  2 kobolds
  3 quokkas
  2 bats
  A frilled lizard (D:2)
  4 rats
37 creatures vanquished.

Notes
Turn   | Place    | Note
-------+----------+-------------------------------------------
     0 | D:1      | qw the Gargoyle Hunter began the quest for the Orb.
     0 | D:1      | Reached XP level 1. HP: 12/12 MP: 1/1
     0 | D:1      | 0 ||| qw: Version: 0.3-a-132-g3d54051
     0 | D:1      | 0 ||| qw: Game counter: 245
     0 | D:1      | 0 ||| qw: Melee chars always use a shield: true
     0 | D:1      | 0 ||| qw: God list: Okawaru
     0 | D:1      | 0 ||| qw: Allow faded altars: false
     0 | D:1      | 0 ||| qw: Do Orc after clearing Dungeon:15 true
     0 | D:1      | 0 ||| qw: Do second Lair branch before Depths: true
     0 | D:1      | 0 ||| qw: Lair rune preference: random
     0 | D:1      | 0 ||| qw: Goals: Normal
     0 | D:1      | 0 ||| PLANNING D:1-11
   136 | D:1      | Reached XP level 2. HP: 10/17 MP: 2/2
   298 | D:1      | Found Weddodak's Jewellery Shop.
   304 | D:1      | 304 ||| SHOPLISTING +4 ring of protection (504 gold, have
                  | 23).
   304 | D:1      | 304 ||| SHOPLISTING +6 ring of dexterity (504 gold, have
                  | 23).
   304 | D:1      | 304 ||| SHOPLISTING amulet of Ulul {Acrobat rCorr} (596
                  | gold, have 23).
   304 | D:1      | 304 ||| SHOPLISTING ring "Ridenir" {Int+6 Dex+3} (690 gold,
                  | have 23).
   304 | D:1      | 304 ||| SHOPLISTING ring of Ryozot {Ice Dex+2} (506 gold,
                  | have 23).
   304 | D:1      | 304 ||| SHOPLISTING ring of fire (350 gold, have 23).
   304 | D:1      | 304 ||| SHOPLISTING ring of protection from cold (350 gold,
                  | have 23).
   304 | D:1      | 304 ||| SHOPLISTING ring of see invisible (210 gold, have
                  | 23).
   911 | D:1      | 911 ||| UPGRADING to ring of resist corrosion.
   912 | D:1      | 912 ||| READING scroll labelled UVACAU NOLOIM.
  1013 | D:1      | 1013 ||| DRINKING 2 fizzy orange potions.
  1049 | D:1      | 1049 ||| DROPPING scroll of butterflies.
  1050 | D:1      | 1050 ||| DROPPING potion of lignification.
  1098 | D:2      | 1098 ||| STAIRDANCE
  1117 | D:2      | HP: 4/17 [adder (4)]
  1125 | D:2      | Reached skill level 5 in Ranged Weapons
  1125 | D:2      | Reached XP level 3. HP: 6/21 MP: 3/3
  1125 | D:2      | 1125 ||| STAIRDANCE
  1489 | D:2      | Reached skill level 3 in Fighting
  1489 | D:2      | Reached XP level 4. HP: 24/28 MP: 4/4
  1489 | D:2      | 1489 ||| FLEEEEING.
  1679 | D:2      | Found a white marble altar of Elyvilon.
  2067 | D:2      | 2067 ||| UPGRADING to +0 ring mail.
  2077 | D:2      | 2077 ||| DROPPING +0 leather armour.
  2078 | D:2      | 2078 ||| READING scroll labelled QUVOOJ HAAKLOV.
  2078 | D:2      | 2078 ||| ENCHANTING +0 shortbow.
  2079 | D:2      | 2079 ||| READING scroll labelled CAMETS ENIWNEX.
  2080 | D:2      | 2080 ||| FLEEEEING.
  2084 | D:2      | 2084 ||| READING scroll labelled WEOTAROURO.
  2084 | D:2      | 2084 ||| IDENTIFYING silvery potion
  2085 | D:2      | 2085 ||| READING scroll labelled BEWKIARHEHO.
  2271 | D:3      | Noticed an ice beast
  2272 | D:3      | 2272 ||| RETREEEEATING.
  2273 | D:3      | 2273 ||| RETREEEEATING.
  2274 | D:3      | 2274 ||| RETREEEEATING.
  2281 | D:3      | HP: 6/28 [ice beast (5)]
  2282 | D:3      | Slain by an ice beast

Levels and vault maps discovered:
D:1:      sevenhm_arrival_forest_fort_large_2, layout_loops_ring, serial_shops,
          nicolae_shop_gaudy_bauble, dreamdust_mushroom_princess,
          minmay_misc_feat_room
D:2:      layout_loops_corners, basic_altar
D:3:      layout_basic, serial_shops, nicolae_shop_back_alley_shop

Skill      XL: |  1  2  3 |
---------------+----------+-----
Ranged Weapons | 5 |  5.1
Fighting       | 3 |  3.2
Armour         | |  0.4
Dodging        | |  1.5
Stealth        | |  1.1

Action                     |  1- 3 |  4- 6 || total
---------------------------+-------+-------++-------
   Fire: Shortbow          |    93 |    50 ||   143
    Use: Scroll            |     1 |     4 ||     5
         Potion            |     1 |       ||     1
 Armour: Leather armour    |    37 |    14 ||    51
         Ring mail         |       |    15 ||    15
  Dodge: Dodged            |    22 |    24 ||    46

Table legend:
 A = Non-vault XP
 B = Vault XP
 C = Vault XP percentage of total XP
 D = Non-vault monster count
 E = Vault monster count
 F = Vault count percentage of total count
                 A         B        C        D         E       F
            +---------+---------+-------+---------+---------+-------
      Total |      99 |       0 |   0.0 |      37 |       0 |   0.0
            +---------+---------+-------+---------+---------+-------
        D:1 |      29 |       0 |   0.0 |      16 |       0 |   0.0
        D:2 |      62 |       0 |   0.0 |      17 |       0 |   0.0
        D:3 |       8 |       0 |   0.0 |       4 |       0 |   0.0
            +---------+---------+-------+---------+---------+-------
